 Dungeon Crawl Stone Soup version 0.24.1-14-gf8d2b509d9 (console) character file.

Game seed: 11644675235501598958, levelgen mode: deterministic

1547 Kagalorn the Caller (level 8, -5/54 HPs)
             Began as a Demonspawn Summoner on Aug 3, 2020.
             Was a Follower of Hepliaklqana.
             Slain by a white ugly thing (17 damage)
             ... on level 6 of the Dungeon.
             The game lasted 00:25:36 (9363 turns).

Kagalorn the Caller (Demonspawn Summoner)           Turns: 9363, Time: 00:25:38

Health: -5/54      AC:  4    Str: 11    XL:     8   Next: 57%
Magic:  3/14       EV: 15    Int: 16    God:    Hepliaklqana [*.....]
Gold:   261        SH:  0    Dex: 16    Spells: 7/15 levels left

rFire    + . .     SeeInvis .   a - +0 trident
rCold    . . .     Gourm    .   (no shield)
rNeg     . . .     Faith    .   z - +2 robe {MR+}
rPois    .         Spirit   .   (no helmet)
rElec    .         Reflect  .   D - scarf {cloud immunity}
rCorr    .         Harm     .   (no gloves)
MR       +....                  (no boots)
Stlth    ++++......             (no amulet)
HPRegen  0.18/turn              l - ring of stealth
MPRegen  0.14/turn              g - ring of protection from fire

@: very slightly contaminated
A: reduced essence, talons 2, thin skeletal structure 1, demonic guardian 1
a: Recall Ancestor, Ancestor Identity, Renounce Religion


You were on level 6 of the Dungeon.
You worshipped Hepliaklqana.
Hepliaklqana was aware of your devotion.
You were very hungry.

You visited 2 branches of the dungeon, and saw 7 of its levels.

You collected 261 gold pieces.

Inventory:

Hand Weapons
 a - a +0 trident (weapon)
 b - a +0 short sword
Missiles
 e - 197 stones
 f - 34 bolts
 i - 94 arrows
 u - 5 boomerangs
 x - 25 poisoned darts (quivered)
 y - 45 sling bullets
Armour
 r - a +0 shield
 z - a +2 robe of magic resistance (worn)
 D - a scarf of cloud immunity (worn)
Jewellery
 g - a ring of protection from fire (right hand)
 l - a ring of stealth (left hand)
Scrolls
 d - 2 scrolls of amnesia
 n - 2 scrolls of random uselessness {unknown}
 o - 3 scrolls of teleportation
 p - a scroll of noise {unknown}
 q - 2 scrolls of immolation {unknown}
 s - a scroll of enchant armour {unknown}
 t - 2 scrolls of remove curse
 A - 2 scrolls of enchant weapon {unknown}
 C - a scroll of fog
Potions
 h - 2 potions of brilliance
 j - a potion of haste
 k - a potion of cancellation
 m - a potion of might
 v - a potion of agility
Comestibles
 c - 13 rations
 w - a chunk of flesh


   Skills:
 + Level 4.0 Fighting
 + Level 4.4 Dodging
 - Level 2.0 Stealth
 + Level 1.2 Shields
 - Level 4.0 Spellcasting
 * Level 7.5 Summonings
 * Level 2.1 Air Magic
 + Level 3.9 Invocations


You had 7 spell levels left.
You knew the following spells:

 Your Spells              Type           Power        Failure   Level  Hunger
a - Call Canine Familiar  Summ           ####....     2%          3    ###....
b - Summon Lightning Spi  Summ/Air       ###.....     22%         4    ####...
p - Summon Small Mammal   Summ           ####         1%          1    None

Your spell library contained the following spells:

 Spells                   Type           Power        Failure   Level  Hunger
 Call Imp                 Summ           ####....     1%          2    ##.....
 Summon Guardian Golem    Hex/Summ       ###.....     11%         3    ###....
 Summon Ice Beast         Ice/Summ       ###.....     34%         4    ####...


Dungeon Overview and Level Annotations

Branches:
Dungeon (6/15)             Temple (1/1) D:6

Altars:
Ashenzari
Cheibriados
Dithmenos
Fedhas
Gozag
Hepliaklqana
Kikubaaqudgha
Makhleb
Nemelex Xobeh
Okawaru
Qazlal
Trog
Uskayaw
Vehumet
Xom
Yredelemnul
Zin
The Shining One

Annotations:
D:3 2 transporters


Innate Abilities, Weirdness & Mutations

You have razor-sharp toenails.
You have a somewhat thin skeletal structure. (Dex +2, Stealth)
A weak demonic guardian rushes to your aid.
Your life essence is reduced to manifest your ancestor. (-10% HP)


Message History

The white ugly thing looks even sicker.
The white ugly thing is almost dead.
Casting: Call Canine Familiar (safe; 2% risk of failure)
Confirm with . or Enter, or press ? or * to list all spells.
You don't have enough magic to cast that spell.
Evoke which item? (* to show all) (? for menu, Esc to quit)
Okay, then.
Press: ? - help, v - describe, . - travel
Here: a white ugly thing (almost dead, poisoned)
The floor.
Attack whom?
Press: ? - help, Dir - move target cursor, f/p - white ugly thing
Aim: a white ugly thing (almost dead, poisoned)
You reach to attack!
You completely miss the white ugly thing.
The white ugly thing is almost dead.
The white ugly thing kicks you!
* * * LOW HITPOINT WARNING * * *
The white ugly thing freezes you!
You die...

#.#..# #))#
.....######## #..#
.#.#........####..#
.........>..(.....#
#.⌠.#...###(####.##
.[....#§..#.# #.#
⌠.>.⌠...#.#.# #.#
......#...u.# #u#
#.⌠.#.......# #@#
......##...## #.#
.#.#.## ....# #.#
....÷# ...<# #.#
#.#..# ...... ..#
#....# ....######
###.... ....#
######


You could see a white ugly thing.

Vanquished Creatures
  Grinder (D:5)
  2 phantoms (D:4)
  A scorpion (D:5)
  A howler monkey (D:4)
  A crimson imp (D:5)
  A hound (D:5)
  2 orc wizards (D:6)
  Crazy Yiuf (D:2)
  An iguana (D:5)
  3 adders
  A shadow imp (D:6)
  2 adder zombies (D:1)
  A worm (D:5)
  6 leopard geckos
  7 orcs
  10 bats
  5 giant cockroaches
  9 goblins
  9 hobgoblins
  4 jackals
  9 kobolds
  A ball python (D:3)
  5 frilled lizards
  11 rats
94 creatures vanquished.

Vanquished Creatures (collateral kills)
  Eustachio (D:5)
  2 orc warriors
  An ice beast (D:5)
  A black bear (D:6)
  A phantom (D:6)
  An ogre (D:6)
  A centaur (D:6)
  Blork the orc (D:6)
  A bullfrog (D:6)
  2 hounds
  3 orc wizards
  4 worker ants (D:4)
  4 adders
  2 shadow imps (D:5)
  An ooze (D:6)
  An adder zombie (D:5)
  5 worms
  A leopard gecko (D:1)
  14 orcs
  2 goblins
  A hobgoblin (D:1)
  2 jackals (D:2)
  3 quokkas
  A bat (D:2)
  A frilled lizard (D:2)
  2 jackal zombies
59 creatures vanquished.

Vanquished Creatures (others)
  11 ancestors
11 creatures vanquished.

Grand Total: 164 creatures vanquished

Notes
Turn   | Place    | Note
-------+----------+-------------------------------------------
     0 | D:1      | Kagalorn the Demonspawn Summoner began the quest for the
                  | Orb.
     0 | D:1      | Reached XP level 1. HP: 13/13 MP: 3/3
   329 | D:1      | Found a shimmering altar of Xom.
   360 | D:1      | Gained mutation: A weak demonic guardian rushes to your
                  | aid. [demonic ancestry]
   360 | D:1      | Reached XP level 2. HP: 8/20 MP: 5/5
  1591 | D:1      | Reached XP level 3. HP: 12/25 MP: 6/6
  2024 | D:2      | Learned a level 3 spell: Call Canine Familiar
  2113 | D:2      | Reached skill level 1 in Fighting
  2989 | D:2      | Found a glowing golden altar of the Shining One.
  3090 | D:2      | Found a burning altar of Makhleb.
  3090 | D:2      | Found a shimmering altar of Xom.
  3220 | D:2      | Gained mutation: You have a somewhat thin skeletal
                  | structure. (Dex +2, Stealth) [demonic ancestry]
  3220 | D:2      | Reached XP level 4. HP: 9/32 MP: 4/7
  3439 | D:2      | Found a runed translucent door.
  3440 | D:2      | Noticed Crazy Yiuf
  3579 | D:2      | Found a shadowy altar of Dithmenos.
  4061 | D:2      | Killed Crazy Yiuf
  4320 | D:3      | Found a transporter.
  4324 | D:3      | Found a snail-covered altar of Cheibriados.
  4326 | D:3      | Found an iron altar of Okawaru.
  4594 | D:3      | Reached skill level 5 in Summonings
  4629 | D:3      | Found a blossoming altar of Fedhas.
  4734 | D:3      | Found an opulent altar of Gozag.
  4747 | D:3      | Found a transporter.
  4792 | D:3      | Found a bloodstained altar of Trog.
  4876 | D:4      | Noticed a phantom
  4902 | D:4      | Killed a phantom
  4902 | D:4      | Reached XP level 5. HP: 20/38 MP: 7/9
  5688 | D:4      | Noticed a phantom
  5737 | D:4      | Killed a phantom
  5737 | D:4      | Gained mutation: You have sharp toenails. [demonic
                  | ancestry]
  5737 | D:4      | Reached XP level 6. HP: 35/44 MP: 10/10
  5849 | D:4      | Found a hazy altar of Hepliaklqana.
  5855 | D:4      | Became a worshipper of Hepliaklqana the Forgotten
  6127 | D:5      | Entered Level 5 of the Dungeon
  6152 | D:5      | Noticed Eustachio
  6153 | D:5      | Reached skill level 6 in Summonings
  6397 | D:5      | Killed Eustachio
  6397 | D:5      | Reached skill level 1 in Invocations
  6397 | D:5      | Reached XP level 7. HP: 45/45 MP: 12/12
  6463 | D:5      | Noticed Grinder
  6491 | D:5      | Killed Grinder
  7720 | D:6      | Reached * piety under Hepliaklqana
  7722 | D:6      | Found a staircase to the Ecumenical Temple.
  7736 | D:6      | Reached skill level 7 in Summonings
  7736 | D:6      | Gained mutation: You have razor-sharp toenails. [demonic
                  | ancestry]
  7736 | D:6      | Reached XP level 8. HP: 45/53 MP: 14/14
  7791 | D:6      | Learned a level 4 spell: Summon Lightning Spire
  7793 | Temple   | Entered the Ecumenical Temple
  8257 | D:6      | Reached skill level 1 in Air Magic
  8259 | D:6      | Noticed Blork the orc
  8262 | D:6      | Noticed a red ugly thing
  8307 | D:6      | Killed Blork the orc
  9051 | D:6      | Reached skill level 1 in Shields
  9363 | D:6      | Slain by a white ugly thing

Levels and vault maps discovered:
D:1:      saegor_arrival_fortress, layout_basic, xom_teletrap_fun
D:2:      minmay_general_purpose_star, layout_loops_ring,
          gammafunk_temple_overflow_elements, nicolae_dithmenos_shadow_blocks,
          tso_metal_star, uniq_crazy_yiuf_cottage
D:3:      layout_rooms, fedhas_ov_isle_minmay, gammafunk_temple_overflow_arena,
          lemuel_tele_altar
D:4:      layout_loops_ring, lemuel_doored_altar, minmay_misc_feat_diagonals,
          solitary_fountain, kennysheep_crisscross
D:5:      lemuel_upstairs_altar, layout_basic, first_ration, uniq_grinder,
          uniq_eustachio
D:6:      layout_loops_ring, minmay_temple_entry_sparse_star,
          uniq_blork_the_orc, uniq_duvessa
Temple:   chequers_temple_sunken

Skill      XL: |  1  2  3  4  5  6  7  8 |
---------------+-------------------------+-----
Stealth        | 2 |  2.0
Dodging        | 2 3 4 |  4.4
Fighting       | 1 2 3 4 |  4.0
Summonings     | 5 6 7 |  7.5
Spellcasting   | 3 4 |  4.0
Invocations    | 1 3 |  3.9
Air Magic      | 2 |  2.1
Shields        | 1 |  1.2

Action                   |  1- 3 |  4- 6 |  7- 9 || total
-------------------------+-------+-------+-------++-------
Melee: Short sword       |   201 |    82 |       ||   283
       Trident           |       |   104 |   139 ||   243
       Kick              |       |     7 |    23 ||    30
Throw: Dart              |       |       |     7 ||     7
 Cast: Summon Small Mamm |    10 |     2 |       ||    12
       Call Canine Famil |     6 |    13 |    13 ||    32
       Summon Lightning  |       |       |     3 ||     3
Invok: Ancestor Identity |       |     1 |       ||     1
  Use: Potion            |     1 |       |     4 ||     5
       Scroll            |       |     6 |     1 ||     7
 Stab: Sleeping          |     3 |    12 |     9 ||    24
       Distracted        |     1 |     4 |       ||     5
  Eat: Chunk             |     8 |    11 |     9 ||    28
       Ration            |       |       |     1 ||     1
Armor: Robe              |    41 |    23 |    15 ||    79
       Ring mail         |       |       |     5 ||     5
Dodge: Dodged            |   170 |   144 |    71 ||   385
